 Dungeon Crawl Stone Soup version 0.29.0-4-gdea44cf6ec (webtiles) character file.

Game seed: 4451398715979835671

4156 quinnr the Destroyer (level 10, -2/53 HPs)
             Began as a Tengu Conjurer on Aug 27, 2022.
             Was a Believer of Vehumet.
             Slain by a slime creature (10 damage)
             ... while petrified by a basilisk
             ... on level 7 of the Dungeon.
             The game lasted 00:26:27 (11695 turns).

quinnr the Destroyer (Tengu Conjurer)              Turns: 11695, Time: 00:26:27

Health: -2/53      AC:  3    Str:  7    XL:     10   Next: 28%
Magic:  5/20       EV:  2    Int: 22    God:    Vehumet [**....]
Gold:   402        SH:  0    Dex: 14    Spells: 9/21 levels left

rFire   . . .      SeeInvis .   m - staff of conjuration {!a}
rCold   + . .      Faith    .   (no shield)
rNeg    + + +      Spirit   .   o - +1 robe {Archmagi}
rPois   ∞          Reflect  .   (helmet restricted)
rElec   .          Harm     .   (no cloak)
rCorr   .          Rampage  .   (no gloves)
Will    .....      Archmagi +   (boots unavailable)
Stlth   +++.......              (no amulet)
HPRegen 0.17/turn               C - ring of protection from cold
MPRegen 0.17/turn               (no ring)

@: petrified, flying quickly and evasively, quick
A: beak, talons 3, nimble flight
a: Renounce Religion


You were on level 7 of the Dungeon.
You worshipped Vehumet.
Vehumet was pleased with you.
You visited 2 branches of the dungeon, and saw 8 of its levels.

You collected 402 gold pieces.


Innate Abilities, Weirdness & Mutations

You have a beak for a mouth.
You have claws for feet.
Your magical nature lets you fly swiftly and evasively.


   Skills:
 - Level 2.0 Fighting
 + Level 3.9 Armour
 + Level 7.1 Dodging
 - Level 5.0 Stealth
 - Level 6.0 Spellcasting
 + Level 11.3 Conjurations
 + Level 5.8 Air Magic
 - Level 4.0 Evocations


You had 9 spell levels left.
You knew the following spells:

 Your Spells              Type           Power      Damage    Failure   Level
a - Magic Dart            Conj           100%       1d8       1%          1
b - Searing Ray           Conj           100%       2d8       1%          2
d - Dazzling Flash        Conj/Hex       100%       N/A       2%          3
f - Foxfire               Conj/Fire      100%       2x1d9     1%          1
l - Lightning Bolt        Conj/Air       39%        1d58      8%          5

Your spell library contained the following spells:

 Spells                   Type           Power      Damage    Failure   Level
 Conjure Flame            Conj/Fire      63%        6-21      2%          3
 Shock                    Conj/Air       100%       1d9       1%          1
 Static Discharge         Conj/Air       79%        3-13/arc  1%          2
 Stone Arrow              Conj/Erth      100%       3d13      2%          3
 Swiftness                Air            48%        N/A       2%          3
 Apportation              Tloc           18%        N/A       9%          1
 Airstrike                Air            24%        2d(4-20)  9%          4
 Fulminant Prism          Conj/Hex       31%        3d16      9%          4
 Iskenderun's Mystic Bla  Conj/Tloc      63%        2d13      9%          4
 Blink                    Tloc           18%        N/A       14%         2
 Freezing Cloud           Conj/Ice/Air   32%        6-21      24%         5
 Ozocubu's Armour         Ice            9%         N/A       26%         3
 Summon Lightning Spire   Summ/Air       29%        N/A       26%         4
 Animate Armour           Summ/Erth      18%        N/A       65%         4
 Manifold Assault         Tloc           9%         N/A       94%         5
 Ozocubu's Refrigeration  Ice            4%         4d8       100%        7
 Storm Form               Tmut/Air       14%        N/A       100%        7
 Lehudib's Crystal Spear  Conj/Erth      31%        10d8      100%        8
 Maxwell's Capacitive Co  Air            24%        ∞         100%        8

Inventory:

Missiles
 t - 6 poisoned darts
Armour
 a - a +0 leather armour of poison resistance
 o - a +1 robe of the Archmagi (worn)
Magical Staves
 m - a staff of conjuration (weapon) {!a}
 w - a staff of fire {!a}
Jewellery
 C - a ring of protection from cold (left hand)
Wands
 x - a wand of flame (19)
 y - a wand of mindburst (14)
 A - a wand of polymorph (6)
Scrolls
 e - 2 scrolls of blinking {unknown}
 f - a scroll of identify {@r1}
 j - a scroll of noise {unknown}
 k - 2 scrolls of magic mapping
 l - a scroll of immolation
 n - a scroll of amnesia {unknown}
 p - a scroll of enchant armour {unknown}
 s - a scroll of summoning {unknown}
 u - 2 scrolls of fear
 z - 2 scrolls of silence {unknown}
 B - a scroll of vulnerability {unknown}
 D - a scroll of brand weapon
 E - 2 scrolls of torment {unknown}
 F - a scroll of fog
Potions
 b - a potion of magic
 c - 2 potions of heal wounds {@q2}
 d - a potion of brilliance
 g - 2 potions of cancellation
 h - 2 potions of ambrosia
 i - 3 potions of curing {@q1}
 q - 2 potions of might
 r - a potion of degeneration
 v - 2 potions of lignification

Dungeon Overview and Level Annotations

Branches:
Dungeon (7/15)             Temple (1/1) D:5

Altars:
Ashenzari
Cheibriados
Dithmenos
Elyvilon
Fedhas
Gozag
Kikubaaqudgha
Makhleb
Nemelex Xobeh
Okawaru
Qazlal
Ru
Sif Muna
Uskayaw
Vehumet
Wu Jian
Xom
Yredelemnul
Zin

Annotations:
D:4 Duvessa
D:5 3 runed translucent doors, Fractals's ghost, novice DsHu

#.#..#..#..▓▓▓▓▓ ▓...▓...##..
.....##....▓...▓▓▓▓..▓▓.▓▓.#.##..
......##..▓▓.▓.......▓▓.▓..#.....
.......#..▓.▓5▓▓▓▓▓▓▓▓▓.▓.##...#.
.......#..▓J▓▓55▓.▓(▓..▓▓.....##
.......#.▓▓. ▓OK▓.▓.▓..▓...#.##
......#..▓░l ▓▓l▓.▓.▓.▓▓...###
.#..[...▓▓.. ▓J▓.▓.▓.▓..###
##......▓ ░░ ▓▓@.▓..▓▓..#
#.....▓▓ ▓..▓..▓...# ##.#..▓
▓▓.▓.▓▓...# #.#.▓▓ ▓.▓.▓...##
#.#.▓ ▓▓)▓▓...# #...▓ ▓.▓..###
###†▓▓▓▓▓▓▓▓▓▓▓▓▓▓..#
#.................#
#############.....#


You could see a slime creature, a kobold demonologist, a basilisk, an ogre, an
iron imp (summoned), a quasit (summoned) and a white imp (summoned).


Message History

You feel a strong surge of power!
You conjure some foxfire!
The basilisk hisses angrily.
The foxfire hits the slime creature!
The slime creature is lightly wounded.
The basilisk gazes at you.
You are slowing down.
Your foxfire dissipates!
A kobold demonologist comes into view.
It is wielding a +0 dagger and wearing the ring "Mifiluw" {Dex+5 SInv}.
Your magical contamination has completely faded away.
Your limbs are stiffening.
Unknown command.
You have turned to stone.
An ogre comes into view. It is wielding a +0 giant spiked club.
The slime creature hits you! The slime creature hits you! x2
The slime creature hits you.
The kobold demonologist looks encouraged for a moment.
The slime creature hits you!!
* * * LOW HITPOINT WARNING * * *
The kobold demonologist gestures wildly while chanting.
The slime creature hits you!
* * * LOW HITPOINT WARNING * * *
The slime creature completely misses you.
The kobold demonologist casts a cantrip, but nothing happens.
The kobold demonologist casts a cantrip, but nothing happens.
A wraith comes into view.
The slime creature hits you!!
* * * LOW HITPOINT WARNING * * *
The slime creature hits you!!
You die...

Skill      XL: |  1  2  3  4  5  6  7  8  9 10 |
---------------+-------------------------------+-----
Conjurations   | 6 7 8 9 10 11 | 11.3
Dodging        | 3 4 5 6 7 |  7.1
Fighting       | 1 2 |  2.0
Evocations     | 1 3 4 |  4.0
Spellcasting   | 4 5 6 |  6.0
Stealth        | 4 5 |  5.0
Air Magic      | 1 4 5 |  5.8
Armour         | 2 3 |  3.9

Action                   |  1- 3 |  4- 6 |  7- 9 | 10-12 || total
-------------------------+-------+-------+-------+-------++-------
Melee: Unarmed           |     3 |       |       |       ||     3
       Kick              |     1 |       |     3 |       ||     4
       Staff             |     1 |       |    19 |       ||    20
       Peck              |       |       |     1 |       ||     1
       Punch             |       |       |     1 |       ||     1
 Cast: Magic Dart        |    48 |    67 |   103 |     3 ||   221
       Searing Ray       |     3 |    13 |    59 |     9 ||    84
       Foxfire           |       |       |    33 |     1 ||    34
       Dazzling Flash    |       |       |    13 |       ||    13
       Lightning Bolt    |       |       |       |     3 ||     3
Evoke: Wand              |       |       |     5 |       ||     5
  Use: Potion            |     4 |       |     2 |       ||     6
       Scroll            |       |       |    13 |       ||    13
Armor: Skin              |       |       |    11 |       ||    11
       Robe              |       |       |     5 |       ||     5
Dodge: Dodged            |     8 |     3 |    89 |    11 ||   111

Levels and vault maps discovered:
D:1:      heliophobic_arrival_battle_scene, layout_loops_ring
D:2:      layout_basic, basic_altar, basic_ecumenical_altar,
          minmay_split_cup_small, uniq_terence
D:3:      layout_rooms, minitemple, lemuel_crystal_altar
D:4:      layout_basic, minmay_checkerbox, uniq_duvessa
D:5:      layout_basic, minmay_temple_entry_wispy, ebering_ghost_gozag,
          uniq_ijyb
D:6:      kennysheep_windowed_halls, layout_rooms, grunt_decor_clamped,
          grunt_tough_drop
D:7:      minmay_the_grid_triangle_9x9_rhombus_thin
          [minmay_the_grid_triangle_9x9_wacky_v,
          minmay_the_grid_triangle_9x9_prize_special,
          minmay_the_grid_triangle_9x9_alien,
          minmay_the_grid_triangle_9x9_corrupted_corridor], layout_rooms
Temple:   nicolae_temple_god_jail

Notes
Turn   | Place    | Note
-------+----------+-------------------------------------------
     0 | D:1      | quinnr the Tengu Conjurer began the quest for the Orb.
     0 | D:1      | Reached XP level 1. HP: 10/10 MP: 4/4
   177 | D:1      | Reached XP level 2. HP: 15/15 MP: 3/6
   283 | D:1      | Reached skill level 6 in Conjurations
   873 | D:1      | Reached XP level 3. HP: 19/19 MP: 3/7
   931 | D:1      | Learned a level 2 spell: Searing Ray
  1260 | D:2      | Noticed Terence
  1283 | D:2      | Killed Terence
  1284 | D:2      | Reached skill level 7 in Conjurations
  1284 | D:2      | Reached XP level 4. HP: 24/24 MP: 0/8
  1609 | D:2      | Found a shimmering blue altar of Sif Muna.
  1916 | D:2      | Found a faded altar of an unknown god.
  2197 | D:3      | Found an ornate altar of the Wu Jian Council.
  2244 | D:3      | Got the Handbook of the Shifting Glacier
  2255 | D:3      | Learned a level 3 spell: Dazzling Flash
  2572 | D:3      | Reached skill level 8 in Conjurations
  2738 | D:3      | Found a shimmering altar of Xom.
  2740 | D:3      | Found a radiant altar of Vehumet.
  2742 | D:3      | Found an iron altar of Okawaru.
  2748 | D:3      | Gained mutation: Your magical nature lets you fly swiftly
                  | and evasively. [Tengu growth]
  2748 | D:3      | Reached XP level 5. HP: 28/28 MP: 3/9
  2750 | D:3      | Became a worshipper of Vehumet
  2803 | D:3      | Found a snail-covered altar of Cheibriados.
  2804 | D:3      | Found a stormy altar of Qazlal.
  3210 | D:4      | Reached skill level 3 in Dodging
  3427 | D:4      | Reached XP level 6. HP: 32/32 MP: 6/10
  3503 | D:4      | Reached skill level 9 in Conjurations
  3651 | D:4      | Noticed Duvessa
  3704 | D:5      | Entered Level 5 of the Dungeon
  3921 | D:5      | Noticed Ijyb
  3928 | D:5      | Killed Ijyb
  3929 | D:5      | Reached skill level 4 in Dodging
  3975 | D:5      | Found a runed translucent gate.
  3975 | D:5      | Found a runed translucent gate.
  3975 | D:5      | Found a runed translucent gate.
  3976 | D:5      | Noticed a water moccasin
  3977 | D:5      | Found an opulent altar of Gozag.
  3986 | D:5      | Killed a water moccasin
  3987 | D:5      | Reached skill level 1 in Fighting
  3987 | D:5      | Reached skill level 1 in Evocations
  3989 | D:5      | Reached XP level 7. HP: 38/38 MP: 3/11
  4062 | D:5      | Noticed Fractals's ghost (novice DsHu)
  4201 | D:4      | Reached skill level 2 in Fighting
  4201 | D:4      | Reached skill level 3 in Spellcasting
  4201 | D:4      | Reached skill level 2 in Evocations
  4356 | D:4      | Noticed Dowan
  4916 | D:4      | Reached * piety under Vehumet
  4916 | D:4      | Offered knowledge of Foxfire by Vehumet.
  4919 | D:4      | Learned a level 1 spell: Foxfire
  5132 | D:4      | Killed Dowan
  5461 | D:4      | Reached skill level 3 in Evocations
  5483 | D:4      | Reached skill level 4 in Spellcasting
  5544 | D:4      | Reached XP level 8. HP: 44/44 MP: 10/15
  5772 | D:4      | Reached skill level 4 in Evocations
  6461 | D:4      | HP: 3/44 [Duvessa/+0 short sword (14)]
  7237 | D:5      | Found a staircase to the Ecumenical Temple.
  7255 | Temple   | Entered the Ecumenical Temple
  8158 | D:6      | Reached skill level 3 in Stealth
  8402 | D:6      | Reached skill level 5 in Dodging
  8602 | D:6      | Learned a level 5 spell: Lightning Bolt
  8627 | D:6      | Reached skill level 1 in Air Magic
  8808 | D:6      | Reached skill level 4 in Stealth
  8808 | D:6      | Reached XP level 9. HP: 33/48 MP: 13/17
  8917 | D:6      | Identified a +1 robe of the Archmagi
  8922 | D:6      | Reached skill level 5 in Spellcasting
  8922 | D:6      | Reached skill level 2 in Air Magic
  9001 | D:6      | Reached skill level 10 in Conjurations
  9433 | D:6      | Reached skill level 3 in Air Magic
  9582 | D:6      | Offered knowledge of Scorch by Vehumet.
  9585 | D:6      | Reached ** piety under Vehumet
  9918 | D:6      | Noticed a gargoyle
 10059 | D:6      | Reached skill level 1 in Armour
 10059 | D:6      | Reached skill level 6 in Dodging
 10087 | D:6      | HP: 3/48 [gargoyle/stone arrow (23)]
 10381 | D:6      | Reached skill level 5 in Stealth
 10467 | D:7      | Reached skill level 4 in Air Magic
 10529 | D:7      | Reached skill level 2 in Armour
 11001 | D:7      | Reached XP level 10. HP: 50/53 MP: 14/19
 11117 | D:7      | Reached skill level 3 in Armour
 11117 | D:7      | Reached skill level 6 in Spellcasting
 11117 | D:7      | Reached skill level 11 in Conjurations
 11117 | D:7      | Reached skill level 5 in Air Magic
 11395 | D:7      | Offered knowledge of Conjure Flame by Vehumet.
 11459 | D:7      | Reached skill level 7 in Dodging
 11685 | D:7      | Identified the ring "Mifiluw" {Dex+5 SInv}
 11685 | D:7      | Noticed a kobold demonologist
 11695 | D:7      | Slain by a slime creature

Vanquished Creatures
  A hornet (D:7)
  A shadow (D:7)
  A basilisk (D:7)
  3 water moccasins
  2 black bears
  2 orc warriors (D:7)
  A sky beast (D:6)
  5 ice beasts
  A centaur (D:6)
  2 phantoms
  3 bullfrogs
  4 scorpions
  15 wights
  Dowan (D:4)
  A howler monkey (D:6)
  A gnoll bouda (D:5)
  6 hounds
  2 jellies
  3 orc priests (D:6)
  Ijyb (D:5)
  Terence (D:2)
  4 iguanas
  5 orc wizards
  11 gnolls
  7 adders
  3 shadow imps
  3 white imps
  An ufetubus (D:4)
  A worm (D:4)
  2 dart slugs
  20 orcs
  7 ball pythons
  6 endoplasms
  3 giant cockroaches
  4 goblins
  9 hobgoblins
  5 jackals
  7 quokkas
  2 bats (D:1)
  3 frilled lizards (D:2)
  10 kobolds
  4 rats
174 creatures vanquished.

Vanquished Creatures (others)
  59 foxfires
59 creatures vanquished.

Grand Total: 233 creatures vanquished

Table legend: (Time is in decaauts)
 A = Elapsed time spent in this place.
 B = Non-inter-level travel time spent in this place.
 C = Inter-level travel time spent in this place.
 D = Time resting spent in this place.
 E = Time spent auto-exploring this place.
 F = Levels seen in this place.
 G = Mean time per level.
                   A        B        C        D        E       F      G
               +--------+--------+--------+--------+--------+-----+--------+
         Total |  11361 |  11092 |    269 |   3025 |   6635 |   8 | 1420.1 |
       Dungeon |  11314 |  11058 |    256 |   3025 |   6615 |   7 | 1616.3 |
        Temple |     47 |     35 |     12 |      0 |     19 |   1 |   47.0 |
               +--------+--------+--------+--------+--------+-----+--------+

Top non-repeatable levels by time:
     D:4: 3593 daAuts
     D:6: 1680 daAuts
     D:5: 1649 daAuts
     D:7: 1264 daAuts
     D:2: 1166 daAuts
     D:1: 1024 daAuts
     D:3: 936 daAuts
  Temple: 47 daAuts

Table legend:
 A = Non-vault XP
 B = Vault XP
 C = Vault XP percentage of total XP
 D = Non-vault monster count
 E = Vault monster count
 F = Vault count percentage of total count
                 A         B        C        D         E       F
            +---------+---------+-------+---------+---------+-------
      Total |    4100 |    1838 |  31.0 |     144 |      30 |  17.2
            +---------+---------+-------+---------+---------+-------
        D:1 |      37 |       0 |   0.0 |      22 |       0 |   0.0
        D:2 |      39 |      40 |  50.6 |       9 |       4 |  30.8
        D:3 |      54 |       0 |   0.0 |      16 |       0 |   0.0
        D:4 |     872 |      75 |   7.9 |      33 |       5 |  13.2
        D:5 |     475 |      36 |   7.0 |      16 |       1 |   5.9
        D:6 |    1427 |     699 |  32.9 |      29 |      11 |  27.5
        D:7 |    1196 |     988 |  45.2 |      19 |       9 |  32.1
            +---------+---------+-------+---------+---------+-------
